TOP OF THE 1ST |
Nashua Redlegs batting - Pitching for Montgomery Grey Sox : RHP Octávio Durán
|
Pitching: RHP Octávio Durán
|
|
Batting: RHB Spencer Pritchett
|
0-0: Called Strike 0-1: Foul Ball, location: 2F 0-2: Fly out, F3 (Popup, 3S)
|
Batting: RHB Ánibal Barrios
|
0-0: Ball 1-0: Ball 2-0: Ball 3-0: Base on Balls
|
Batting: RHB Joe Noble
|
0-0: Ball Ánibal Barrios steals 2nd base 1-0: Fly out, F7 (Flyball, 7S)
|
Batting: RHB Katsuhito Ohayashi
|
0-0: Called Strike 0-1: Ground out 6-3 (Groundball, 6)
|
Top of the 1st over - 0 runs, 0 hits, 0 errors, 1 left on base; Nashua 0 - Montgomery 0 |
BOTTOM OF THE 1ST |
Montgomery Grey Sox batting - Pitching for Nashua Redlegs : RHP Julião Edwards
|
Pitching: RHP Julião Edwards
|
|
Batting: RHB Randall James
|
0-0: Ball 1-0: Ball 2-0: Foul Ball, location: 2F 2-1: Called Strike 2-2: Foul Ball, location: 2F 2-2: Ball 3-2: Base on Balls
|
Batting: SHB Wilson Bray
|
0-0: Called Strike 0-1: Fly out, F7 (Line Drive, 7S)
|
Batting: RHB Vincente Martínez
|
0-0: Fly out, F7 (Line Drive, 78M)
|
Batting: LHB José Parra
|
0-0: Called Strike 0-1: Ball 1-1: Foul Ball, location: 2F 1-2: Ball 2-2: Fly out, F7 (Flyball, 7S)
|
Bottom of the 1st over - 0 runs, 0 hits, 0 errors, 1 left on base; Nashua 0 - Montgomery 0 |
TOP OF THE 2ND |
Nashua Redlegs batting - Pitching for Montgomery Grey Sox : RHP Octávio Durán
|
Batting: RHB Bob Fitzgerald
|
0-0: Ground out U3 (Groundball, 3L)
|
Batting: RHB José Zumaya
|
0-0: Ball 1-0: Ground out 3-1 (Groundball, 34S)
|
Batting: RHB Clancy Castro
|
0-0: Called Strike 0-1: Ball 1-1: Ball 2-1: Ball 3-1: Called Strike 3-2: Ground out 3-1 (Groundball, 34S)
|
Top of the 2nd over - 0 runs, 0 hits, 0 errors, 0 left on base; Nashua 0 - Montgomery 0 |
BOTTOM OF THE 2ND |
Montgomery Grey Sox batting - Pitching for Nashua Redlegs : RHP Julião Edwards
|
Batting: SHB Rob Lowe
|
0-0: Ball 1-0: Foul Ball, location: 2F 1-1: Called Strike 1-2: Foul Ball, location: 2F 1-2: Foul Ball, location: 2F 1-2: Ball 2-2: Ball 3-2: Foul Ball, location: 2F 3-2: Foul Ball, location: 2F 3-2: Base on Balls
|
Batting: RHB José Torres
|
0-0: Ball 1-0: Ball 2-0: Ball 3-0: Called Strike 3-1: Foul Ball, location: 2F 3-2: Strikes out swinging Rob Lowe steals 2nd base Batter strikes out.
|
Batting: RHB Andrés Jiménez
|
0-0: Called Strike 0-1: Fly out, F7 (Flyball, 7)
|
Batting: RHB Jorge Romero
|
0-0: Ball 1-0: Called Strike 1-1: Ball 2-1: Foul Ball, location: 2F 2-2: Ball 3-2: Foul Ball, location: 2F 3-2: Strikes out swinging
|
Bottom of the 2nd over - 0 runs, 0 hits, 0 errors, 1 left on base; Nashua 0 - Montgomery 0 |
TOP OF THE 3RD |
Nashua Redlegs batting - Pitching for Montgomery Grey Sox : RHP Octávio Durán
|
Batting: LHB Peter Rodgers
|
0-0: Foul Ball, location: 2F 0-1: Ball 1-1: Ball 2-1: Ball 3-1: Foul Ball, location: 2F 3-2: Base on Balls
|
Batting: LHB Juan Branch
|
0-0: Ball 1-0: Swinging Strike 1-1: Foul Ball, location: 2F 1-2: Strikes out swinging
|
Batting: RHB Spencer Pritchett
|
0-0: Called Strike 0-1: Foul Ball, location: 2F 0-2: Ball Peter Rodgers is caught stealing 2nd base 1-2: SINGLE (Flyball, 7LS)
|
Batting: RHB Ánibal Barrios
|
0-0: Ball 1-0: Ball 2-0: Called Strike 2-1: Ball Wild Pitch! Spencer Pritchett to second 3-1: Called Strike 3-2: Ground out 2-3 (Groundball, 15S)
|
Top of the 3rd over - 0 runs, 1 hit, 0 errors, 1 left on base; Nashua 0 - Montgomery 0 |
BOTTOM OF THE 3RD |
Montgomery Grey Sox batting - Pitching for Nashua Redlegs : RHP Julião Edwards
|
Batting: RHB Joaquín Medina
|
0-0: Ball 1-0: Foul Ball, location: 2F 1-1: Reached on error, E2 (Groundball, 15S)
|
Batting: RHB Randall James
|
0-0: Ball 1-0: Swinging Strike 1-1: Swinging Strike 1-2: Foul Ball, location: 2F 1-2: Strikes out swinging
|
Batting: SHB Wilson Bray
|
0-0: Ball 1-0: Ball 2-0: Foul Ball, location: 2F 2-1: Called Strike 2-2: Strikes out swinging
|
Batting: RHB Vincente Martínez
|
0-0: Called Strike 0-1: Ball 1-1: Swinging Strike 1-2: Strikes out swinging
|
Bottom of the 3rd over - 0 runs, 0 hits, 1 error, 1 left on base; Nashua 0 - Montgomery 0 |
TOP OF THE 4TH |
Nashua Redlegs batting - Pitching for Montgomery Grey Sox : RHP Octávio Durán
|
Batting: RHB Joe Noble
|
0-0: Ball 1-0: Called Strike 1-1: Ball 2-1: Foul Ball, location: 2F 2-2: DOUBLE (Flyball, 89D)
|
Batting: RHB Katsuhito Ohayashi
|
0-0: Ball 1-0: Ground out 6-3 (Groundball, 6S) Joe Noble to third
|
Batting: RHB Bob Fitzgerald
|
0-0: Ball 1-0: Ball 2-0: Ball 3-0: Foul Ball, location: 2F 3-1: Swinging Strike 3-2: Foul Ball, location: 2F 3-2: Strikes out swinging
|
Batting: RHB José Zumaya
|
0-0: SINGLE (Flyball, 9S) Joe Noble scores
|
Batting: RHB Clancy Castro
|
0-0: Called Strike 0-1: Fly out, F3 (Popup, 34S)
|
Top of the 4th over - 1 run, 2 hits, 0 errors, 1 left on base; Nashua 1 - Montgomery 0 |
BOTTOM OF THE 4TH |
Montgomery Grey Sox batting - Pitching for Nashua Redlegs : RHP Julião Edwards
|
Batting: LHB José Parra
|
0-0: Ball 1-0: Ball 2-0: Called Strike 2-1: Foul Ball, location: 2F 2-2: Ground out U3 (Groundball, 34S)
|
Batting: SHB Rob Lowe
|
0-0: Ball 1-0: Ball 2-0: Ball 3-0: Called Strike 3-1: SOLO HOME RUN (Flyball, 7LD), Distance : 359 ft
|
Batting: RHB José Torres
|
0-0: Fly out, F7 (Flyball, 7LM)
|
Batting: RHB Andrés Jiménez
|
0-0: SINGLE (Flyball, 9LS)
|
Batting: RHB Jorge Romero
|
0-0: Called Strike 0-1: 2-RUN HOME RUN (Flyball, 7LD), Distance : 360 ft
|
Batting: RHB Joaquín Medina
|
0-0: Called Strike 0-1: Ball 1-1: Ball 2-1: Fly out, F8 (Flyball, 8LD)
|
Bottom of the 4th over - 3 runs, 3 hits, 0 errors, 0 left on base; Nashua 1 - Montgomery 3 |
TOP OF THE 5TH |
Nashua Redlegs batting - Pitching for Montgomery Grey Sox : RHP Octávio Durán
|
Batting: LHB Peter Rodgers
|
0-0: Called Strike 0-1: Foul Ball, location: 2F 0-2: Foul Ball, location: 2F 0-2: Strikes out looking
|
Batting: LHB Juan Branch
|
0-0: Swinging Strike 0-1: Called Strike 0-2: Ball 1-2: Strikes out swinging
|
Batting: RHB Spencer Pritchett
|
0-0: Ball 1-0: Called Strike 1-1: Called Strike 1-2: Ball 2-2: Ball 3-2: Strikes out swinging
|
Top of the 5th over - 0 runs, 0 hits, 0 errors, 0 left on base; Nashua 1 - Montgomery 3 |
BOTTOM OF THE 5TH |
Montgomery Grey Sox batting - Pitching for Nashua Redlegs : RHP Julião Edwards
|
Batting: RHB Randall James
|
0-0: Ball 1-0: Called Strike 1-1: Swinging Strike 1-2: Ball 2-2: Strikes out swinging
|
Batting: SHB Wilson Bray
|
0-0: Ball 1-0: Fly out, F8 (Flyball, 8LXD)
|
Batting: RHB Vincente Martínez
|
0-0: Ball 1-0: Ball 2-0: Ball 3-0: Called Strike 3-1: Called Strike 3-2: Foul Ball, location: 2F 3-2: Ground out 5-3 (Groundball, 56S)
|
Bottom of the 5th over - 0 runs, 0 hits, 0 errors, 0 left on base; Nashua 1 - Montgomery 3 |
TOP OF THE 6TH |
Nashua Redlegs batting - Pitching for Montgomery Grey Sox : RHP Octávio Durán
|
Batting: RHB Ánibal Barrios
|
0-0: Ball 1-0: Foul Ball, location: 2F 1-1: Ground out 6-3 (Groundball, 6)
|
Batting: RHB Joe Noble
|
0-0: Called Strike 0-1: Swinging Strike 0-2: Ball 1-2: Ball 2-2: Ball 3-2: Foul Ball, location: 2F 3-2: Strikes out looking
|
Batting: RHB Katsuhito Ohayashi
|
0-0: Foul Ball, location: 2F 0-1: Foul Ball, location: 2F 0-2: Ball 1-2: Ball 2-2: Ball 3-2: SINGLE (Line Drive, 7LM)
|
Batting: RHB Bob Fitzgerald
|
0-0: Fly out, F8 (Flyball, 8RD)
|
Top of the 6th over - 0 runs, 1 hit, 0 errors, 1 left on base; Nashua 1 - Montgomery 3 |
BOTTOM OF THE 6TH |
Montgomery Grey Sox batting - Pitching for Nashua Redlegs : RHP Julião Edwards
|
Batting: LHB José Parra
|
0-0: Ball 1-0: Ball 2-0: Called Strike 2-1: Foul Ball, location: 2F 2-2: Foul Ball, location: 2F 2-2: Ball 3-2: Strikes out swinging, 2-3 out at first.
|
Batting: SHB Rob Lowe
|
0-0: Ball 1-0: Ball 2-0: Ball 3-0: Called Strike 3-1: Called Strike 3-2: Foul Ball, location: 2F 3-2: Base on Balls
|
Pitching: RHP Ramón González
|
|
Batting: RHB José Torres
|
0-0: SINGLE (Line Drive, 78S) Rob Lowe to second
|
Batting: RHB Andrés Jiménez
|
0-0: Ball 1-0: Ball 2-0: Ball 3-0: Base on Balls Rob Lowe to third José Torres to second
|
Batting: RHB Jorge Romero
|
0-0: Ball 1-0: Ball 2-0: Grounds into fielders choice 6-2 (Groundball, 6) José Torres to third Andrés Jiménez to second
|
Batting: RHB Joaquín Medina
|
0-0: Called Strike 0-1: Called Strike 0-2: Fly out, F3 (Popup, 34)
|
Bottom of the 6th over - 0 runs, 1 hit, 0 errors, 3 left on base; Nashua 1 - Montgomery 3 |
TOP OF THE 7TH |
Nashua Redlegs batting - Pitching for Montgomery Grey Sox : RHP Octávio Durán
|
Pitching: RHP Santiago Álvarez
|
|
Batting: RHB José Zumaya
|
0-0: Called Strike 0-1: Foul Ball, location: 2F 0-2: Ball 1-2: Foul Ball, location: 2F 1-2: Foul Ball, location: 2F 1-2: Ball 2-2: Foul Ball, location: 2F 2-2: Fly out, F9 (Flyball, 9S)
|
Batting: RHB Clancy Castro
|
0-0: Ball 1-0: Ball 2-0: Ball 3-0: Called Strike 3-1: Fly out, F9 (Flyball, 9)
|
Batting: LHB Peter Rodgers
|
0-0: Called Strike Error on foul ball, E9 0-2: Ground out 3-1 (Groundball, 34)
|
Top of the 7th over - 0 runs, 0 hits, 1 error, 0 left on base; Nashua 1 - Montgomery 3 |
BOTTOM OF THE 7TH |
Montgomery Grey Sox batting - Pitching for Nashua Redlegs : RHP Ramón González
|
Batting: RHB Randall James
|
0-0: Ball 1-0: Called Strike 1-1: Fly out, F5 (Line Drive, 56)
|
Batting: SHB Wilson Bray
|
0-0: Foul Ball, location: 2F 0-1: Ball 1-1: Foul Ball, location: 2F 1-2: Fly out, F6 (Popup, 6MD)
|
Batting: RHB Vincente Martínez
|
0-0: Foul Ball, location: 2F 0-1: Called Strike 0-2: Strikes out swinging
|
Bottom of the 7th over - 0 runs, 0 hits, 0 errors, 0 left on base; Nashua 1 - Montgomery 3 |
TOP OF THE 8TH |
Nashua Redlegs batting - Pitching for Montgomery Grey Sox : RHP Santiago Álvarez
|
Batting: LHB Juan Branch
|
0-0: Called Strike 0-1: Ball 1-1: Foul Ball, location: 2F 1-2: Foul Ball, location: 2F 1-2: Ball 2-2: SINGLE (Line Drive, 89S)
|
Batting: RHB Spencer Pritchett
|
0-0: Ball 1-0: Ball 2-0: Called Strike 2-1: Foul Ball, location: 2F 2-2: Ball 3-2: Strikes out swinging
|
Batting: RHB Ánibal Barrios
|
0-0: Ball 1-0: Swinging Strike 1-1: Swinging Strike 1-2: Strikes out swinging
|
Batting: RHB Joe Noble
|
0-0: Called Strike 0-1: Ball 1-1: Ball 2-1: 2-RUN HOME RUN (Flyball, 9D), Distance : 372 ft
|
Pitching: RHP Johannes Hunsberger
|
|
Batting: RHB Katsuhito Ohayashi
|
0-0: Called Strike 0-1: Foul Ball, location: 2F 0-2: Strikes out swinging
|
Top of the 8th over - 2 runs, 2 hits, 0 errors, 0 left on base; Nashua 3 - Montgomery 3 |
BOTTOM OF THE 8TH |
Montgomery Grey Sox batting - Pitching for Nashua Redlegs : RHP Ramón González
|
Batting: LHB José Parra
|
0-0: Ball 1-0: Foul Ball, location: 2F 1-1: Foul Ball, location: 2F 1-2: Foul Ball, location: 2F 1-2: Ground out U3 (Groundball, 34)
|
Batting: SHB Rob Lowe
|
0-0: Ball 1-0: Ground out 5-3 (Groundball, 56)
|
Pinch Hitting: LHB Jorge Garza
|
0-0: Ball 1-0: Ball 2-0: Ball 3-0: Called Strike 3-1: Base on Balls
|
Pinch Hitting: LHB Juan Sánchez
|
0-0: Ball 1-0: Called Strike 1-1: Ball 2-1: Ball 3-1: Base on Balls Jorge Garza to second
|
Pinch Hitting: RHB Andrew Lewis
|
0-0: Called Strike 0-1: Foul Ball, location: 2F 0-2: Ball 1-2: Ball 2-2: Foul Ball, location: 2F 2-2: Strikes out swinging
|
Bottom of the 8th over - 0 runs, 0 hits, 0 errors, 2 left on base; Nashua 3 - Montgomery 3 |
BOTTOM OF THE 9TH |
Montgomery Grey Sox batting - Pitching for Nashua Redlegs : RHP Ramón González
|
Now at C: Pedro Cavazos
|
|
Now at 1B: Eric Barthorpe
|
|
Now in LF: Dave Warren
|
|
Now in CF: Derrek Robinson
|
|
Batting: RHB Joaquín Medina
|
0-0: Ground out 1-3 (Groundball, 13)
|
Batting: RHB Randall James
|
0-0: SINGLE (Line Drive, 4D)
|
Batting: SHB Wilson Bray
|
0-0: Called Strike 0-1: Ball 1-1: Swinging Strike 1-2: Fly out, F7 (Flyball, 7D)
|
Batting: RHB Vincente Martínez
|
0-0: SINGLE (Groundball, 6MD) Randall James to second Runner from 2nd tries for 3rd, SAFE, no throw
|
Batting: LHB José Parra
|
0-0: Ball Wild Pitch! Randall James scores Vincente Martínez to second 1-0: Called Strike 1-1: Ball 2-1: Ball 3-1: Base on Balls
|
Pinch Runner at 2nd Norman Hopkins:
|
|
Batting: SHB Rob Lowe
|
0-0: SINGLE (Line Drive, 9S) Norman Hopkins to third José Parra to second Runner from 3rd tries for Home, SAFE, no throw
|
Saturday, April 7th, 2018 - OOTP Baseball 18.8 Build 76
|
|